 Dungeon Crawl Stone Soup version 0.27-a0-553-ge0ab5a2769 (webtiles) character file.

Game seed: 7390701754481132796

4409 Gaff the Tainter (level 10, -1/68 (70) HPs)
             Began as a Demonspawn Venom Mage on Mar 8, 2021.
             Was an Initiate of Gozag.
             Killed by nerve-wracking pain
             ... invoked by a shadow imp
              (7 damage)
             ... on level 8 of the Dungeon.
             The game lasted 00:34:28 (10598 turns).

Gaff the Tainter (Demonspawn Venom Mage)           Turns: 10598, Time: 00:34:28

HP:   -1/68 (70)    AC: 14    Str: 14    XL:     10   Next: 14%
MP:   23/31         EV: 13    Int: 21    God:    Gozag
Gold: 757           SH:  0    Dex: 13    Spells: 19/26 levels left

rFire    . . .     SeeInvis .   a - +2 trident (freeze)
rCold    . . .     Faith    .   (no shield)
rNeg     . . .     Spirit   .   r - +0 robe
rPois    .         Reflect  .   (helmet restricted)
rElec    .         Harm     .   F - +2 cloak
rCorr    .         Rampage  .   (no gloves)
Will     .....                  (no boots)
Stlth    ++........             (no amulet)
HPRegen  0.21/turn              x - ring of magical power
MPRegen  0.22/turn              C - +6 ring of strength

@: sanguine armoured, lightly drained
A: horns 2, foul stench 2, sanguine armour 2
a: Renounce Religion, Potion Petition, Call Merchant, Bribe Branch


You were on level 8 of the Dungeon.
You worshipped Gozag.
Gozag was pleased with you.
You visited 2 branches of the dungeon, and saw 9 of its levels.

You collected 810 gold pieces.
You paid 53 gold pieces to Gozag.

Inventory:

Hand Weapons
 a - a +2 trident of freezing (weapon)
 b - a +0 dagger
 c - a +0 club
 f - a +0 short sword
 j - a +0 rapier of venom
 v - a +2 trident of protection
 E - a +2 mace of protection
 G - a +2 rapier of protection
Missiles
 d - 7 curare-tipped darts
Armour
 l - a +0 helmet
 n - a +0 cloak
 p - a scarf of resistance
 r - a +0 robe (worn)
 w - the -5 pair of gloves "Ekoih" {Regen+}
   (You found it on level 4 of the Dungeon)

   It increases your rate of regeneration.
 y - a +0 kite shield
 F - a +2 cloak (worn)
Jewellery
 x - a ring of magical power (left hand)
 C - a +6 ring of strength (right hand)
 D - a ring of willpower
Wands
 i - a wand of flame (38)
 q - a wand of mindburst (8)
 A - a wand of polymorph (7)
Scrolls
 e - 2 scrolls of enchant armour {unknown}
 g - 2 scrolls of teleportation
 k - 2 scrolls of blinking {unknown}
 m - 2 scrolls of magic mapping {unknown}
 t - a scroll of amnesia {unknown}
 B - a scroll of fog
Potions
 h - a potion of resistance {unknown}
 o - 2 potions of heal wounds
 s - a potion of lignification {unknown}
 u - a potion of curing
 z - a potion of flight


   Skills:
 + Level 3.2 Fighting
 - Level 0.5 Short Blades
 + Level 3.0 Polearms
 + Level 4.2 Dodging
 - Level 1.7 Stealth
 + Level 8.9 Spellcasting
 - Level 0.8 Transmutations
 - Level 2.9 Air Magic
 + Level 9.2 Poison Magic


You had 19 spell levels left.
You knew the following spells:

 Your Spells              Type           Power      Damage    Failure   Level
a - Sting                 Tmut/Pois      100%       1d8       1%          1
b - Poisonous Vapours     Pois/Air       68%        N/A       1%          2
c - Olgreb's Toxic Radia  Pois           48%        N/A       1%          4

Your spell library contained the following spells:

 Spells                   Type           Power      Damage    Failure   Level
 Spider Form              Tmut/Pois      15%        N/A       2%          3
 Beastly Appendage        Tmut           24%        N/A       4%          1
 Mephitic Cloud           Conj/Pois/Air  26%        N/A       4%          3
 Ignite Poison            Fire/Tmut/Pois 23%        N/A       5%          3
 Magic Dart               Conj           36%        1d4       8%          1
 Wereblood                Tmut           12%        N/A       8%          2
 Blink                    Tloc           N/A        N/A       11%         2
 Call Imp                 Summ           9%         N/A       11%         2
 Slow                     Hex            9%         N/A       11%         2
 Conjure Flame            Conj/Fire      9%         6-21      22%         3
 Ice Form                 Ice/Tmut       11%        N/A       52%         4
 Blade Hands              Tmut           6%         N/A       80%         5


Dungeon Overview and Level Annotations

Branches:
Dungeon (8/15)             Temple (1/1) D:7
   Lair: D:8-11

Altars:
Ashenzari
Cheibriados
Dithmenos
Elyvilon
Fedhas
Gozag
Hepliaklqana
Kikubaaqudgha
Nemelex Xobeh
Okawaru
Qazlal
Ru
Sif Muna
Trog
Uskayaw
Vehumet
Wu Jian
Xom
Yredelemnul
Zin
The Shining One

Shops:
D:7 *

Annotations:
D:3 Natasha
D:5 3 runed translucent doors, Tagedieb's ghost, novice OpEn
D:7 Joseph


Innate Abilities, Weirdness & Mutations

You have a pair of horns on your head.
You sometimes emit foul miasma when damaged in melee.
When seriously injured, your bleeding wounds create thick armour. (AC +9)


Message History

The wight misses you.
You barely miss the wight.
The wight hits you but does no damage. x2
You hit the wight but do no damage. The wight closely misses you.
The wight misses you.
You closely miss the wight. The wight closely misses you.
The wight hits you with a +0 dire flail.
You hit the wight. You headbutt the wight.
The wight is lightly damaged.
The wight hits you but does no damage.
The wight hits you with a +0 dire flail.
* * * LOW HITPOINT WARNING * * *
You feel drained.
* * * LOW HITPOINT WARNING * * *
You emit a cloud of foul miasma!
As you read the scroll of teleportation, it crumbles to dust.
You feel strangely unstable. The wight hits you but does no damage.
The wight hits you with a +0 dire flail!
* * * LOW HITPOINT WARNING * * *
You hit the wight but do no damage.
The wight is lightly damaged.
The wight hits you but does no damage. The wight closely misses you.
You hit the wight but do no damage.
The wight is lightly damaged.
The wight hits you with a +4 short sword of freezing.
* * * LOW HITPOINT WARNING * * *
The wight freezes you.
* * * LOW HITPOINT WARNING * * *
The wight barely misses you. The wight hits you but does no damage.
You hit the wight.
The wight is moderately damaged.
The wight barely misses you. The wight hits you but does no damage.
You closely miss the wight.
You headbutt the wight, but do no damage.
The wight is moderately damaged.
Your surroundings suddenly seem different.
A shadow imp comes into view.
The shadow imp gestures at you. Pain shoots through your body!
You die...
Your body crumbles into a pile of gold.

#..##.#...#
#....
#.#._##
#..##.
#.##...
...# #.##.#
####
$.####....#
.......5..#
..........#
###.###...#
# #@..#
#...# #...#
#####


You could see a shadow imp.

Vanquished Creatures
  A hornet (D:8)
  Prince Ribbit (D:7)
  3 yaks (D:7)
  6 soldier ants
  Duvessa (D:5)
  An ice beast (D:5)
  2 sky beasts
  An orc warrior (D:7)
  2 black bears
  3 ogres
  A centaur (D:6)
  A phantom (D:5)
  3 bullfrogs
  A gnoll sergeant (D:8)
  Dowan (D:5)
  2 scorpions (D:4)
  6 killer bees (D:7)
  A bullfrog zombie (D:6)
  A quasit (D:7)
  3 orc priests
  2 hounds
  A bullfrog skeleton (D:6)
  4 orc wizards
  Terence (D:3)
  15 worker ants
  5 iguanas
  A hound skeleton (D:5)
  8 adders
  9 gnolls
  A howler monkey skeleton (D:8)
  4 white imps
  An ufetubus (D:7)
  An ooze (D:3)
  An adder zombie (D:6)
  4 adder skeletons
  4 worms
  3 dart slugs
  6 leopard geckos
  15 orcs
  A ball python (D:3)
  10 giant cockroaches
  8 goblins
  10 hobgoblins
  6 jackals
  3 quokkas
  5 bats
  6 frilled lizards
  3 kobolds
  A leopard gecko skeleton (D:6)
  2 leopard gecko zombies (D:5)
  A quokka zombie (D:6)
  6 rats
189 creatures vanquished.

Notes
Turn   | Place    | Note
-------+----------+-------------------------------------------
     0 | D:1      | Gaff the Demonspawn Venom Mage began the quest for the Orb.
     0 | D:1      | Reached XP level 1. HP: 13/13 MP: 3/3
   354 | D:1      | Gained mutation: You may rarely emit foul miasma when
                  | damaged in melee. [demonic ancestry]
   354 | D:1      | Reached XP level 2. HP: 19/19 MP: 3/5
  1004 | D:2      | Reached XP level 3. HP: 19/24 MP: 4/6
  1195 | D:2      | Reached skill level 4 in Poison Magic
  1992 | D:3      | Noticed Terence
  2005 | D:3      | Killed Terence
  2006 | D:3      | Reached XP level 4. HP: 30/30 MP: 4/8
  2071 | D:3      | Noticed Natasha
  2917 | D:3      | Found an ornate altar of the Wu Jian Council.
  2921 | D:3      | Found a blossoming altar of Fedhas.
  2966 | D:3      | Gained mutation: When seriously injured, your bleeding
                  | wounds create armour. (AC +9) [demonic ancestry]
  2966 | D:3      | Reached XP level 5. HP: 35/35 MP: 10/10
  3132 | D:3      | Learned a level 2 spell: Poisonous Vapours
  3137 | D:3      | Learned a level 4 spell: Olgreb's Toxic Radiance
  3596 | D:4      | Noticed an ogre
  3606 | D:4      | Killed an ogre
  3607 | D:4      | Reached skill level 5 in Poison Magic
  3607 | D:4      | Reached XP level 6. HP: 41/41 MP: 4/12
  3837 | D:4      | Reached skill level 1 in Air Magic
  4587 | D:4      | Gained mutation: When seriously injured, your bleeding
                  | wounds create thick armour. (AC +9) [demonic ancestry]
  4587 | D:4      | Reached XP level 7. HP: 46/46 MP: 11/14
  4598 | D:4      | Identified the -5 pair of gloves "Ekoih" {Regen+}
  4730 | D:5      | Entered Level 5 of the Dungeon
  4850 | D:5      | Found a runed translucent gate.
  4859 | D:5      | Found a runed translucent gate.
  4859 | D:5      | Found a runed translucent gate.
  4862 | D:5      | Reached skill level 5 in Spellcasting
  4863 | D:5      | Noticed Dowan
  5029 | D:5      | Noticed Duvessa
  5044 | D:5      | Killed Duvessa
  5045 | D:5      | Reached skill level 6 in Poison Magic
  5064 | D:5      | Killed Dowan
  5137 | D:5      | Found an opulent altar of Gozag.
  5184 | D:5      | Became a worshipper of Gozag Ym Sagoz the Greedy
  5473 | D:5      | Noticed Tagedieb's ghost (novice OpEn)
  6027 | D:6      | Gained mutation: You sometimes emit foul miasma when
                  | damaged in melee. [demonic ancestry]
  6027 | D:6      | Reached XP level 8. HP: 20/52 MP: 16/16
  7081 | D:6      | Reached skill level 1 in Fighting
  7322 | D:6      | Reached skill level 7 in Poison Magic
  8007 | D:7      | Found a basalt altar of Yredelemnul.
  8306 | D:7      | Found a staircase to the Ecumenical Temple.
  8332 | D:7      | Reached skill level 1 in Polearms
  8332 | D:7      | Gained mutation: You have a pair of small horns on your
                  | head. [demonic ancestry]
  8332 | D:7      | Reached XP level 9. HP: 40/61 MP: 19/19
  8350 | Temple   | Entered the Ecumenical Temple
  8651 | D:7      | Noticed Joseph
  8804 | D:7      | Found a broken altar of Ashenzari.
  8864 | D:7      | Found Atsina's Assorted Antiques.
  8969 | D:7      | Found a sacrificial altar of Ru.
  9077 | D:7      | Noticed Prince Ribbit
  9088 | D:7      | Reached skill level 8 in Poison Magic
  9093 | D:7      | Killed Prince Ribbit
  9858 | D:8      | Found an iron altar of Okawaru.
 10068 | D:7      | Reached skill level 9 in Poison Magic
 10488 | D:8      | Gained mutation: You have a pair of horns on your head.
                  | [demonic ancestry]
 10488 | D:8      | Reached XP level 10. HP: 68/70 MP: 20/22
 10598 | D:8      | Killed from afar by a shadow imp

Illustrated notes

Levels and vault maps discovered:
D:1:      dpeg_arrival_arbitrary_c, layout_loops_cross
D:2:      layout_basic
D:3:      layout_rooms, chequers_temple_overflow_statue_of_worship,
          grunt_ministairs_9, minmay_starry_boxes, uniq_natasha, uniq_terence
D:4:      layout_basic, kennysheep_doodads
D:5:      layout_loops_ring, kennysheep_mini_moat, gammafunk_ghost_icy,
          uniq_duvessa
D:6:      layout_basic, minmay_misc_feat_hallway, kennysheep_potato
D:7:      layout_gridville, nicolae_overflow_hidden_temple,
          lemuel_crystal_altar, kennysheep_little_box,
          ashenzari_conservatory_becter, minmay_temple_entry_glass,
          serial_shops, shop, uniq_prince_ribbit1, uniq_joseph
D:8:      layout_rooms, bloody_makhleb, overflow_temple_1_default, zaba_anthell
Temple:   minmay_temple_bridge_abc

Skill      XL: |  1  2  3  4  5  6  7  8  9 10 |
---------------+-------------------------------+-----
Poison Magic   | 4 5 6 7 9 |  9.2
Spellcasting   | 3 4 5 7 8 |  8.9
Air Magic      | 1 2 |  2.9
Dodging        | 2 4 |  4.2
Fighting       | 2 3 |  3.2
Polearms       | 1 2 3 |  3.0
Short Blades   | |  0.5
Stealth        | |  1.7
Transmutations | |  0.8

Action                   |  1- 3 |  4- 6 |  7- 9 | 10-12 || total
-------------------------+-------+-------+-------+-------++-------
Melee: Unarmed           |     7 |       |       |       ||     7
       Rapier            |     3 |    35 |       |       ||    38
       Trident           |       |    57 |   184 |    21 ||   262
       Dagger            |       |       |    16 |       ||    16
       Headbutt          |       |       |     8 |     4 ||    12
 Cast: Sting             |    59 |    20 |    23 |     6 ||   108
       Poisonous Vapours |       |    22 |    67 |     2 ||    91
       Olgreb's Toxic Ra |       |     1 |    17 |     3 ||    21
  Use: Potion            |       |     1 |       |       ||     1
       Scroll            |       |       |     4 |     1 ||     5
 Stab: Sleeping          |     2 |       |     2 |       ||     4
       Distracted        |       |       |     1 |       ||     1
Armor: Robe              |     4 |    32 |    75 |    12 ||   123
Dodge: Dodged            |    13 |    94 |   171 |    16 ||   294

Table legend: (Time is in decaauts)
 A = Elapsed time spent in this place.
 B = Non-inter-level travel time spent in this place.
 C = Inter-level travel time spent in this place.
 D = Time resting spent in this place.
 E = Time spent auto-exploring this place.
 F = Levels seen in this place.
 G = Mean time per level.
                   A        B        C        D        E       F      G
               +--------+--------+--------+--------+--------+-----+--------+
         Total |  10674 |  10437 |    237 |   3412 |   4453 |   9 | 1186.0 |
       Dungeon |  10396 |  10181 |    215 |   3412 |   4199 |   8 | 1299.5 |
        Temple |    277 |    255 |     22 |      0 |    254 |   1 |  277.0 |
               +--------+--------+--------+--------+--------+-----+--------+

Top non-repeatable levels by time:
     D:7: 2211 daAuts
     D:6: 2054 daAuts
     D:4: 1409 daAuts
     D:2: 1381 daAuts
     D:5: 1158 daAuts
     D:3: 1072 daAuts
     D:1: 900 daAuts
  Temple: 277 daAuts
     D:8: 208 daAuts
